[Event "Wednesday Apr 11 Engine Tour 9 Rd Swiss 12m+1s Starts at 1600hrs ST"]
[Site "Infinity Chess"]
[Date "2018.4.11"]
[Round "1"]
[White "Time_bandit"]
[Black "RonWeasley"]
[Result "1/2-1/2"]
[ECO "C11"]
[WhiteElo "2432"]
[BlackElo "2473"]
[WhiteEngine "asmFishW_2018-02-02_popcnt"]
[BlackEngine "BrainFish 090218_CTG"]
[EventType "Swiss"]
[WhiteTeam ""]
[BlackTeam ""]
[PlyCount "122"]
[TimeControl "720+1"]

1. e4 e6 2. d4 d5 3. Nc3 Nf6 4. e5 Nfd7 5. f4 c5 6. Nf3 Nc6 7. Be3 cxd4 
8. Nxd4 Qb6 9. Qd2 Qxb2 10. Rb1 Qa3 11. Bb5 Nxd4 12. Bxd4 a6 13. Bxd7+ Bxd7 
14. Rb3 Qe7 15. Rxb7 Rc8 16. O-O Qd8 17. f5 exf5 18. Qd3 Bc5 19. Bxc5 Rxc5 
20. Nxd5 Bc8 21. Re7+ Kf8 22. Qa3 Qa5 23. Qxa5 Rxa5 24. Rc7 Be6 25. Nf4 Rxe5 
26. Nxe6+ Rxe6 27. Rxf5 Re7 28. Rc8+ Re8 29. Rc7 Re7 30. Rc8+ Re8 31. Rfc5 Ke7 
32. R8c6 g6 33. a4 Ra8 34. Rc7+ Kf6 35. Rc4 Rhf8 36. Rf4+ Kg5 37. g3 Rad8 
38. c3 h5 39. h4+ Kh6 40. Rcxf7 Rxf7 41. Rxf7 Rc8 42. Kh2 Rxc3 43. Kh3 Rc4 
44. Rf4 Rxf4 45. gxf4 Kg7 46. Kg3 a5 47. Kf3 Kf6 48. Kf2 Ke6 49. Ke3 Kf6 
50. Ke4 Ke6 51. Ke3 Kf5 52. Kf3 Ke6 53. Ke2 Kf6 54. Ke3 Kf5 55. Kf3 Ke6 
56. Ke4 Kf7 57. Ke5 Ke7 58. f5 gxf5 59. Kxf5 Kd7 60. Kg6 Ke6 61. Kg5 Ke5 1/2-1/2

[Event "Wednesday Apr 11 Engine Tour 9 Rd Swiss 12m+1s Starts at 1600hrs ST"]
[Site "Infinity Chess"]
[Date "2018.4.11"]
[Round "1"]
[White "Seliga"]
[Black "Deep_Impact"]
[Result "1/2-1/2"]
[ECO "D30"]
[WhiteElo "2480"]
[BlackElo "2445"]
[WhiteEngine "SF9 ''A5''_CTG"]
[BlackEngine "asmFishW_2018-04-07_bmi2"]
[EventType "Swiss"]
[WhiteTeam ""]
[BlackTeam ""]
[PlyCount "238"]
[TimeControl "720+1"]

1. d4 d5 2. c4 e6 3. cxd5 exd5 4. Nc3 Nf6 5. Bg5 c6 6. e3 h6 7. Bh4 Be7 
8. Qc2 O-O 9. Bd3 Re8 10. Nge2 Nbd7 11. O-O Nf8 12. Rab1 a5 13. h3 Nh5 
14. Bxe7 Qxe7 15. Na4 Qd8 16. Qb3 Qh4 17. Qc2 Qg5 18. Kh1 Qd8 19. Ng1 Nf6 
20. Nc3 Ne6 21. Nf3 Ng5 22. Ne5 Nge4 23. Ne2 Nd6 24. Nf4 Nd7 25. Nf3 a4 
26. g4 Ne4 27. Kg2 Qe7 28. Rbc1 Ndf6 29. Rh1 Nd6 30. Ne5 g5 31. Ne2 Nfe4 
32. Bxe4 dxe4 33. Ng3 f6 34. Nc4 Nxc4 35. Qxc4+ Be6 36. Qe2 Ra5 37. Qd2 Rb5 
38. Rc5 Rxc5 39. dxc5 Qxc5 40. Rc1 Qe7 41. Qa5 Qf7 42. Rc5 Qe7 43. Rc1 Qf7 
44. Qxa4 f5 45. gxf5 Bxf5 46. Nxf5 Qxf5 47. Qd1 Qf7 48. b3 Re5 49. Rc4 Kg7 
50. Kg1 Kg6 51. Qd6+ Qf6 52. Rd4 c5 53. Rd2 b6 54. a4 Re6 55. Qg3 Qf5 
56. Kg2 Re5 57. Qg4 Rd5 58. Qxf5+ Rxf5 59. b4 Rf6 60. bxc5 bxc5 61. Rc2 Rc6 
62. Rc4 Kf5 63. a5 Ke5 64. a6 Rxa6 65. Rxc5+ Kf6 66. Kg3 h5 67. h4 gxh4+ 
68. Kxh4 Ra2 69. Kg3 h4+ 70. Kg2 Kg6 71. Rc8 Kf5 72. Rc7 Kf6 73. Rc4 Kf5 
74. Rc7 Kf6 75. Rc8 Kf5 76. Rf8+ Kg5 77. Kh3 Ra1 78. Re8 Ra2 79. Kg2 Kf5 
80. Rg8 Rb2 81. Kh3 Rb1 82. Rf8+ Kg5 83. Kg2 Ra1 84. Rg8+ Kf5 85. Re8 Rc1 
86. Re7 Rc2 87. Rh7 Kg4 88. Rg7+ Kh5 89. Rh7+ Kg4 90. Rf7 Rc4 91. Rg7+ Kf5 
92. Rf7+ Kg4 93. Rf4+ Kg5 94. Kh2 Ra4 95. Kg2 Rb4 96. Kh3 Rb2 97. Kg2 Rb4 
98. Kh2 Rc4 99. Kh3 Rc2 100. Kg2 Rc4 101. Kh3 Rc2 102. Rf7 Ra2 103. Rf8 Ra1 
104. Rg8+ Kf5 105. Rh8 Kg5 106. Re8 Ra2 107. Kg2 Kf5 108. Rf8+ Kg5 109. Rg8+ Kh5 
110. Re8 Ra4 111. Rg8 Ra1 112. Rf8 Ra4 113. Rf5+ Kg6 114. Re5 Rb4 115. Ra5 Rb1 
116. Ra6+ Kf5 117. Ra7 Kf6 118. Kh3 Rh1+ 119. Kg2 Kf5 1/2-1/2

[Event "Wednesday Apr 11 Engine Tour 9 Rd Swiss 12m+1s Starts at 1600hrs ST"]
[Site "Infinity Chess"]
[Date "2018.4.11"]
[Round "1"]
[White "Thinker"]
[Black "SkyPilot"]
[Result "0-1"]
[ECO "C50"]
[WhiteElo "2447"]
[BlackElo "2482"]
[WhiteEngine "BrainFish_180408_x64_modern_CTG"]
[BlackEngine "stockfish_x64_bmi2_2018_04_07_CTG"]
[EventType "Swiss"]
[WhiteTeam ""]
[BlackTeam ""]
[PlyCount "198"]
[TimeControl "720+1"]

1. e4 e5 2. Nf3 Nc6 3. Bc4 Bc5 4. O-O Nf6 5. d3 d6 6. c3 O-O 7. h3 a5 
8. Nbd2 Be6 9. Bb5 h6 10. Re1 Qb8 11. Nf1 Qa7 12. Be3 Bxe3 13. Nxe3 Ne7 
14. a4 Ng6 15. Bc4 Bxc4 16. Nxc4 Qa6 17. g3 Rfe8 18. Ne3 Qc6 19. h4 Nf8 
20. Nh2 N8d7 21. Nhg4 Rad8 22. Nxf6+ Nxf6 23. Rc1 b6 24. b4 d5 25. b5 Qd7 
26. Qc2 dxe4 27. dxe4 Qh3 28. Rcd1 Kf8 29. Rd3 Rxd3 30. Qxd3 Qe6 31. c4 Nd7 
32. Nd5 Nc5 33. Qc2 Rc8 34. Qd1 Qd6 35. Kg2 Re8 36. Qc2 Rc8 37. Qd1 Rd8 
38. Qc2 Rd7 39. f3 Qg6 40. Rf1 Ke8 41. Ra1 Kd8 42. Qc3 f6 43. Qe1 h5 44. Qc3 Qh6 
45. Qc2 Kc8 46. Rh1 Qg6 47. Qa2 Kb8 48. Kh2 Qh6 49. Ra1 g5 50. Rg1 Qf8 
51. Rg2 Ne6 52. Qb3 Qc5 53. Qd3 Ka7 54. Ra2 Rf7 55. Qa3 Qxc4 56. Ne3 Qd4 
57. Qb3 Qd7 58. Nf5 Nd4 59. Nxd4 exd4 60. Qd5 Qxd5 61. exd5 Rd7 62. g4 hxg4 
63. h5 gxf3 64. Kg3 d3 65. Kxf3 Rxd5 66. Ra1 d2 67. Ke2 g4 68. h6 Rh5 
69. Kxd2 Rxh6 70. Ke3 g3 71. Kf3 Rg6 72. Kg2 Kb7 73. Ra2 Rg4 74. Rd2 Rxa4 
75. Kxg3 f5 76. Kf2 Rb4 77. Ra2 a4 78. Ke2 f4 79. Kd3 f3 80. Ke3 a3 81. Ra1 f2 
82. Kxf2 Rxb5 83. Kg3 Rb3+ 84. Kg4 b5 85. Ra2 b4 86. Rf2 Rb1 87. Ra2 Rb2 
88. Ra1 a2 89. Kf3 b3 90. Rg1 Rb1 91. Rg4 a1=Q 92. Rb4+ Kc6 93. Rf4 Rf1+ 
94. Kg4 Rxf4+ 95. Kxf4 b2 96. Ke3 b1=Q 97. Kf3 Qf6+ 98. Ke2 Qff1+ 99. Ke3 Qbd3# 
0-1

[Event "Wednesday Apr 11 Engine Tour 9 Rd Swiss 12m+1s Starts at 1600hrs ST"]
[Site "Infinity Chess"]
[Date "2018.4.11"]
[Round "1"]
[White "MarioDeMonti"]
[Black "Murx"]
[Result "1/2-1/2"]
[ECO "B12"]
[WhiteElo "2508"]
[BlackElo "2460"]
[WhiteEngine "stockfish_x64_bmi2_2018_02_18_CTG"]
[BlackEngine "asmFishW_2018-04-07_popcnt"]
[EventType "Swiss"]
[WhiteTeam ""]
[BlackTeam ""]
[PlyCount "107"]
[TimeControl "720+1"]

1. e4 c6 2. d4 d5 3. e5 Bf5 4. Nf3 e6 5. c3 Nd7 6. Be2 a6 7. Be3 h6 8. O-O Ne7 
9. a4 Bh7 10. Na3 Nf5 11. Bd2 c5 12. Qb3 Ne7 13. c4 Be4 14. Rfd1 Rb8 15. Bc3 Nc6 
16. cxd5 Bxd5 17. Qc2 cxd4 18. Nxd4 Qg5 19. g3 Bc5 20. Nc4 Bxc4 21. Nxc6 Bxe2 
22. Nxb8 Bxd1 23. Rxd1 Nxb8 24. Bb4 O-O 25. Qxc5 Re8 26. Qb6 Nc6 27. Bd6 Nxe5 
28. Bxe5 Qxe5 29. Qxb7 a5 30. b3 Rb8 31. Qf3 Rc8 32. Rd3 Rc1+ 33. Kg2 Rc7 
34. Qa8+ Kh7 35. Re3 Qf5 36. h4 Rd7 37. Qe4 Qxe4+ 38. Rxe4 Kg6 39. b4 axb4 
40. Rxb4 Rd2 41. Rb7 Ra2 42. Ra7 h5 43. a5 e5 44. Kf3 f6 45. Ke3 Kf5 46. f3 Ra3+ 
47. Kf2 e4 48. fxe4+ Kxe4 49. Rxg7 Rxa5 50. g4 hxg4 51. Rxg4+ Kf5 52. Rb4 Ra1 
53. Rb5+ Kf4 54. Rb4+ 1/2-1/2

[Event "Wednesday Apr 18 Engine Tour 9 rd Swiss 12m+1s Starts at 1600hrs ST"]
[Site "Infinity Chess"]
[Date "2018.4.18"]
[Round "9"]
[White "ludimilojko"]
[Black "angriff"]
[Result "0-1"]
[ECO "C50"]
[WhiteElo "2307"]
[BlackElo "2377"]
[WhiteEngine "corchess_x64_CTG"]
[BlackEngine "DracoREX 3.07 64BIT POPCNT_CTG"]
[EventType "Swiss"]
[WhiteTeam ""]
[BlackTeam ""]
[PlyCount "105"]
[TimeControl "720+1"]

1. e4 e5 2. Nf3 Nc6 3. Bc4 Bc5 4. O-O Nf6 5. d3 d6 6. c3 a5 7. Bg5 Ba7 
8. Nbd2 h6 9. Bh4 Qe7 10. Bb5 g5 11. Bg3 Bg4 12. Nc4 h5 13. Nxa5 h4 
14. Bxh4 gxh4 15. Nxc6 bxc6 16. Bxc6+ Nd7 17. Bxa8 h3 18. g3 Qf6 19. Bc6 Qxf3 
20. Qxf3 Bxf3 21. Rfe1 f5 22. Bxd7+ Kxd7 23. exf5 Rf8 24. Rac1 Bg4 25. f6 Rxf6 
26. Rc2 Rf3 27. Rd2 Kc6 28. d4 exd4 29. cxd4 Rf7 30. a4 Kd5 31. b4 c6 
32. Rb1 Bxd4 33. b5 c5 34. a5 Bf5 35. Rbd1 Bd7 36. Rb1 Kc4 37. b6 Bc8 
38. Kf1 Ba6 39. Ra2 Kd5+ 40. Ke1 Bc3+ 41. Kd1 Re7 42. Kc2 Bb4 43. Rb3 Re2+ 
44. Kb1 Re1+ 45. Kc2 Kc6 46. Rf3 Bc4 47. Ra4 Bd5 48. b7 Kxb7 49. a6+ Ka7 
50. Re3 Be4+ 51. Kb2 d5 52. Rxe1 Bxe1 53. f3 0-1

[Event "Wednesday Apr 18 Engine Tour 9 rd Swiss 12m+1s Starts at 1600hrs ST"]
[Site "Infinity Chess"]
[Date "2018.4.18"]
[Round "9"]
[White "ocirema"]
[Black "RonWeasley"]
[Result "1/2-1/2"]
[ECO "C02"]
[WhiteElo "2438"]
[BlackElo "2457"]
[WhiteEngine "asmFishW_2018-04-11_popcnt_CTG"]
[BlackEngine "BrainFish 090218_CTG"]
[EventType "Swiss"]
[WhiteTeam ""]
[BlackTeam ""]
[PlyCount "148"]
[TimeControl "720+1"]

1. e4 e6 2. d4 d5 3. e5 c5 4. c3 Nc6 5. Nf3 Qb6 6. a3 f6 7. Bd3 fxe5 
8. dxe5 Nge7 9. c4 dxc4 10. Bxc4 Nf5 11. Nc3 Be7 12. O-O O-O 13. Re1 Qd8 
14. Ba2 b6 15. Bf4 Kh8 16. Nb5 Ba6 17. Nd6 Nxe5 18. Bxe5 Bxd6 19. Bxe6 Nd4 
20. Nxd4 Bxe5 21. Rxe5 Qxd4 22. Qxd4 cxd4 23. Rd1 Rad8 24. f3 Rfe8 25. Rd5 g6 
26. Bd7 Re2 27. R5xd4 Rxb2 28. Bh3 Rxd4 29. Rxd4 Bb5 30. a4 Bc6 31. Rc4 Bd5 
32. Rc8+ Kg7 33. Rc7+ Kf6 34. Rxa7 h5 35. Bc8 g5 36. Rh7 Rb1+ 37. Kf2 h4 
38. h3 Ke5 39. Bb7 Bxb7 40. Rxb7 Rb2+ 41. Kg1 Rb1+ 42. Kf2 Rb2+ 43. Kg1 Kf4 
44. Kh2 Rb4 45. Ra7 Rc4 46. a5 bxa5 47. Rxa5 Rb4 48. Ra2 Rd4 49. Rb2 Rc4 
50. Rb5 Rc2 51. Rb3 Ke5 52. Rb5+ Kf4 53. Rb8 Ke5 54. Kh1 Rc1+ 55. Kh2 Kf5 
56. Rb2 Kf4 57. Rb3 Rc4 58. Rb8 Rc3 59. Rf8+ Ke5 60. Re8+ Kf5 61. Re4 Rc2 
62. Rb4 Rc1 63. Rb5+ Kf6 64. Rb6+ Kg7 65. Ra6 Rc4 66. Ra2 Rc1 67. g3 Kf6 
68. Rb2 Rc3 69. Kg2 Kf7 70. gxh4 gxh4 71. Rb4 Rc2+ 72. Kf1 Ra2 73. Rxh4 Rh2 
74. Kg1 Ra2 1/2-1/2

[Event "Wednesday Apr 18 Engine Tour 9 rd Swiss 12m+1s Starts at 1600hrs ST"]
[Site "Infinity Chess"]
[Date "2018.4.18"]
[Round "9"]
[White "CrapCleaner"]
[Black "Marsell"]
[Result "1/2-1/2"]
[ECO "C55"]
[WhiteElo "2457"]
[BlackElo "2467"]
[WhiteEngine "Raubfisch X38b_CTG"]
[BlackEngine "BrainFish_180408_x64_bmi2"]
[EventType "Swiss"]
[WhiteTeam ""]
[BlackTeam ""]
[PlyCount "103"]
[TimeControl "720+1"]

1. e4 e5 2. Nf3 Nc6 3. Bc4 Nf6 4. d3 Bc5 5. c3 d6 6. O-O O-O 7. Bg5 h6 8. Bh4 a6 
9. a4 g5 10. Bg3 Ba7 11. Nbd2 Nh7 12. h3 h5 13. Kh1 Kh8 14. b4 h4 15. Bh2 g4 
16. hxg4 Bxg4 17. b5 Na5 18. Ba2 Ng5 19. d4 h3 20. Qe2 f5 21. Qe3 hxg2+ 
22. Kxg2 f4 23. Qd3 axb5 24. axb5 Kg7 25. Nxg5 Qxg5 26. Rg1 Kf6 27. Kf1 Bb6 
28. f3 Bh3+ 29. Ke2 Qh6 30. Rh1 Bg2 31. dxe5+ Kg7 32. exd6 Bxh1 33. Bg1 Nb3 
34. Nxb3 Rxa2+ 35. Rxa2 Bxg1 36. dxc7 Qh2+ 37. Kf1 Qxa2 38. Qd7+ Kh8 
39. Qh3+ Kg7 40. Qd7+ Kf6 41. Qf5+ Ke7 42. Qg5+ Ke6 43. Qh6+ Ke7 44. Qg5+ Kf7 
45. Qf5+ Ke7 46. Qe5+ Kf7 47. Qxf4+ Kg6 48. Qg4+ Kh7 49. Qh4+ Kg6 50. Qg4+ Kh7 
51. Qh4+ Kg6 52. Qg4+ 1/2-1/2

[Event "Wednesday Apr 18 Engine Tour 9 rd Swiss 12m+1s Starts at 1600hrs ST"]
[Site "Infinity Chess"]
[Date "2018.4.18"]
[Round "9"]
[White "Seliga"]
[Black "Deep_Impact"]
[Result "1/2-1/2"]
[ECO "D02"]
[WhiteElo "2488"]
[BlackElo "2404"]
[WhiteEngine "SF9 ''A5''_CTG"]
[BlackEngine "BrainFish_180411_x64_bmi2"]
[EventType "Swiss"]
[WhiteTeam ""]
[BlackTeam ""]
[PlyCount "100"]
[TimeControl "720+1"]

1. d4 d5 2. Nf3 Nf6 3. c4 e6 4. Nc3 c6 5. Bg5 h6 6. Bxf6 Qxf6 7. e3 Nd7 
8. Bd3 dxc4 9. Bxc4 g6 10. O-O Bg7 11. Rc1 O-O 12. e4 e5 13. d5 Rd8 14. Re1 a5 
15. h3 Nc5 16. Qe2 Bf8 17. Qe3 Bd7 18. a3 Be8 19. Ba2 Rac8 20. Red1 Kg7 
21. Qe2 Qe7 22. Qe3 Qf6 23. g3 Bd6 24. Kg2 Qe7 25. Nd2 Nd7 26. dxc6 bxc6 
27. Na4 Nf6 28. Nc4 Bb8 29. Rxd8 Rxd8 30. Nxa5 Ba7 31. Nc5 Nxe4 32. Qxe4 Bxc5 
33. Nxc6 Bxc6 34. Qxc6 Bd4 35. Rc2 Rd6 36. Qe4 Rb6 37. a4 Rxb2 38. Rxb2 Bxb2 
39. a5 Bd4 40. Qf3 e4 41. Qf4 h5 42. a6 Ba7 43. h4 e3 44. fxe3 Bxe3 45. Qf3 Bd4 
46. Bc4 Qc7 47. Bb3 Qe7 48. Qf4 Be3 49. Qf1 Ba7 50. Qf4 Qe2+ 1/2-1/2

[Event "Wednesday Apr 18 Engine Tour 9 rd Swiss 12m+1s Starts at 1600hrs ST"]
[Site "Infinity Chess"]
[Date "2018.4.18"]
[Round "9"]
[White "hafaba"]
[Black "ivrdurant"]
[Result "1/2-1/2"]
[ECO "C55"]
[WhiteElo "2485"]
[BlackElo "2394"]
[WhiteEngine "Eman 1.70-beta21 64-bit POPCNT_CTG"]
[BlackEngine "Raubfisch X38b"]
[EventType "Swiss"]
[WhiteTeam ""]
[BlackTeam ""]
[PlyCount "115"]
[TimeControl "720+1"]

1. e4 e5 2. Nf3 Nc6 3. Bc4 Nf6 4. d3 Bc5 5. c3 d6 6. O-O a5 7. Re1 O-O 
8. Nbd2 Be6 9. Bb5 Ne7 10. d4 Ba7 11. h3 Ng6 12. Ba4 c6 13. Bc2 Nh5 14. Nf1 Nhf4 
15. Ng3 f6 16. Be3 d5 17. exd5 Bxd5 18. Nf5 Qd7 19. Bxf4 Nxf4 20. dxe5 g6 
21. Qd2 Nxh3+ 22. gxh3 gxf5 23. Bb3 Rad8 24. exf6 Rxf6 25. Rad1 Kh8 
26. Bxd5 cxd5 27. Kh2 Rg6 28. Rg1 Qc6 29. Ne5 Bb8 30. Qd4 Re8 31. Rde1 Kg8 
32. f4 Bxe5 33. fxe5 Qe6 34. Re2 Rxg1 35. Qxg1+ Kh8 36. Qd4 Re7 37. Qf4 h6 
38. Qh4 Kg8 39. a4 Kh7 40. Qf4 Rc7 41. Rf2 Rc4 42. Qxf5+ Qxf5 43. Rxf5 Rxa4 
44. e6 Re4 45. Rxd5 b6 46. Rd6 Re2+ 47. Kg1 Rxb2 48. e7 Re2 49. Rxb6 Rxe7 
50. Ra6 Re3 51. Kf2 Rxc3 52. h4 Rc5 53. Ra7+ Kg6 54. Ra6+ Kf5 55. Rxh6 Rc2+ 
56. Kg3 a4 57. Rh5+ Ke4 58. Ra5 1/2-1/2

[Event "Wednesday Apr 18 Engine Tour 9 rd Swiss 12m+1s Starts at 1600hrs ST"]
[Site "Infinity Chess"]
[Date "2018.4.18"]
[Round "9"]
[White "MarioDeMonti"]
[Black "star99"]
[Result "1/2-1/2"]
[ECO "C55"]
[WhiteElo "2433"]
[BlackElo "2446"]
[WhiteEngine "stockfish_x64_bmi2_2018_02_18_CTG"]
[BlackEngine "Cryptic Heroes 9.4B"]
[EventType "Swiss"]
[WhiteTeam ""]
[BlackTeam ""]
[PlyCount "100"]
[TimeControl "720+1"]

1. e4 e5 2. Nf3 Nc6 3. Bc4 Nf6 4. d3 Bc5 5. c3 a5 6. O-O d6 7. Re1 Ba7 
8. Nbd2 O-O 9. Nf1 Be6 10. Bb5 Ne7 11. d4 exd4 12. Nxd4 Ng6 13. Ba4 c6 
14. Bc2 Bg4 15. f3 Bd7 16. f4 b5 17. Ng3 a4 18. h3 a3 19. b4 c5 20. bxc5 Bxc5 
21. Kh1 b4 22. cxb4 Bxb4 23. Rf1 Rc8 24. Bb3 Qa5 25. Rb1 Qa8 26. f5 Ne5 
27. Qe2 Rc3 28. Bf4 Re8 29. Nh5 Nxe4 30. Kh2 Kh8 31. Bc2 Rxc2 32. Qxc2 Bc5 
33. Nb3 Bb4 34. Bxe5 dxe5 35. Qd3 Ba4 36. Rfc1 Rd8 37. Qe3 Bf8 38. Rc7 Qd5 
39. Qf3 Qd6 40. Rxf7 Ng5 41. Rxf8+ Rxf8 42. Qg4 e4+ 43. Kg1 g6 44. Qxg5 gxh5 
45. Nd2 Bc2 46. Rb7 Qd4+ 47. Kh2 Qe5+ 48. Kg1 Qd4+ 49. Kh2 Qe5+ 50. Kg1 Qd4+ 
1/2-1/2

[Event "Wednesday Apr 18 Engine Tour 9 rd Swiss 12m+1s Starts at 1600hrs ST"]
[Site "Infinity Chess"]
[Date "2018.4.18"]
[Round "9"]
[White "Time_bandit"]
[Black "Mr Aj"]
[Result "1/2-1/2"]
[ECO "C42"]
[WhiteElo "2458"]
[BlackElo "2473"]
[WhiteEngine "asmFishW_2018-04-11_bmi2"]
[BlackEngine "Houdini 6"]
[EventType "Swiss"]
[WhiteTeam ""]
[BlackTeam ""]
[PlyCount "156"]
[TimeControl "720+1"]

1. e4 e5 2. Nf3 Nf6 3. Nxe5 d6 4. Nf3 Nxe4 5. d4 d5 6. Bd3 Bb4+ 7. c3 Bd6 
8. O-O O-O 9. c4 c6 10. Re1 Bf5 11. Qb3 Na6 12. cxd5 cxd5 13. Nc3 Be6 14. a3 Nc7 
15. Be3 f5 16. Rac1 Rc8 17. Rc2 Kh8 18. Bd2 Bd7 19. Nb5 Nxb5 20. Rxc8 Qxc8 
21. Bxb5 Bc6 22. Bd3 Re8 23. Be3 Qc7 24. Qd1 a6 25. Bc2 Qb6 26. Qc1 Rf8 
27. Bd3 Be8 28. Qc2 h6 29. b4 a5 30. bxa5 Qxa5 31. Ra1 b5 32. Qb2 Rf7 
33. Bd2 Nxd2 34. Nxd2 Re7 35. Nb3 Qc7 36. h3 g6 37. Qd2 h5 38. Nc5 Kh7 
39. Rb1 Qa7 40. Qc3 Rc7 41. Rc1 h4 42. Kf1 Re7 43. Rb1 Rc7 44. Qb4 Re7 
45. Kg1 Bb8 46. Re1 Bd6 47. Rb1 Bb8 48. Kf1 Bd6 49. Be2 Bc7 50. Nb3 Bf4 
51. Bf3 Bc6 52. Ra1 Kg7 53. Nc1 Qc7 54. Nd3 Bd6 55. Qd2 Ba8 56. Kg1 Qa7 
57. Qb2 Qa5 58. Ne5 Rc7 59. Qe2 Re7 60. Qe3 Re6 61. Qb3 b4 62. a4 Bxe5 
63. dxe5 Qc5 64. a5 Ra6 65. Qa2 d4 66. Bxa8 Rxa8 67. Qe6 b3 68. Rd1 b2 
69. Qf6+ Kh7 70. Qxh4+ Kg7 71. Qf6+ Kh7 72. Qh4+ Kg7 73. Qf6+ Kh7 74. Kh2 Rxa5 
75. Qh4+ Kg7 76. Qf6+ Kh7 77. Qh4+ Kg7 78. Qf6+ Kh7 1/2-1/2

[Event "Wednesday Apr 18 Engine Tour 9 rd Swiss 12m+1s Starts at 1600hrs ST"]
[Site "Infinity Chess"]
[Date "2018.4.18"]
[Round "9"]
[White "Thinker"]
[Black "SkyPilot"]
[Result "1/2-1/2"]
[ECO "C55"]
[WhiteElo "2458"]
[BlackElo "2484"]
[WhiteEngine "BrainFish_180411_x64_modern_CTG"]
[BlackEngine "stockfish_x64_bmi2_2018_04_07_CTG"]
[EventType "Swiss"]
[WhiteTeam ""]
[BlackTeam ""]
[PlyCount "94"]
[TimeControl "720+1"]

1. e4 e5 2. Nf3 Nc6 3. Bc4 Nf6 4. d3 Bc5 5. c3 d6 6. O-O O-O 7. h3 a5 8. Nbd2 h6 
9. Re1 Be6 10. b3 Bb6 11. a4 d5 12. Bb5 Ne7 13. exd5 Nfxd5 14. Qc2 c6 
15. Bc4 Ng6 16. d4 Ndf4 17. dxe5 Nh4 18. Bf1 Bd5 19. Re4 Nfg6 20. Bc4 Re8 
21. g3 Qd7 22. Bxd5 Nxf3+ 23. Nxf3 cxd5 24. Rg4 Qc6 25. Nd4 Bxd4 26. Rxd4 Nxe5 
27. Kg2 b5 28. axb5 Qxb5 29. Qd1 Qb7 30. Rxd5 a4 31. f3 Rac8 32. Bf4 Ng6 
33. Rxa4 Rxc3 34. Rd3 Qc6 35. Rxc3 Qxc3 36. Bc1 Rc8 37. Bd2 Qd3 38. Re4 Rd8 
39. Re2 f6 40. f4 Rd7 41. Rf2 Ne7 42. b4 Nf5 43. Qf3 Qc4 44. Qe2 Qd5+ 
45. Qf3 Qc4 46. Qe2 Qd5+ 47. Qf3 Qc4 1/2-1/2

[Event "Wednesday Apr 18 Engine Tour 9 rd Swiss 12m+1s Starts at 1600hrs ST"]
[Site "Infinity Chess"]
[Date "2018.4.18"]
[Round "8"]
[White "ludimilojko"]
[Black "CrapCleaner"]
[Result "1/2-1/2"]
[ECO "C53"]
[WhiteElo "2300"]
[BlackElo "2464"]
[WhiteEngine "corchess_x64_CTG"]
[BlackEngine "Raubfisch X38b_CTG"]
[EventType "Swiss"]
[WhiteTeam ""]
[BlackTeam ""]
[PlyCount "65"]
[TimeControl "720+1"]

1. e4 e5 2. Nf3 Nc6 3. Bc4 Bc5 4. c3 Nf6 5. d3 d6 6. O-O O-O 7. Nbd2 a5 
8. h3 Be6 9. b3 Nh5 10. Re1 Qf6 11. Nf1 a4 12. b4 Bb6 13. Bxe6 fxe6 14. N1h2 Qg6 
15. Rb1 Nf4 16. Bxf4 Rxf4 17. Rf1 Raf8 18. Kh1 Qh5 19. Rc1 a3 20. Rb1 Ne7 
21. c4 Ng6 22. Rb3 R4f7 23. Rc3 c5 24. b5 Nf4 25. Rg1 Ra8 26. Ng4 Bd8 
27. Rb3 Be7 28. Rf1 Qg6 29. Ne3 Raf8 30. Nh2 Ra8 31. Nf3 Raf8 32. Nh2 Ra8 
33. Nf3 1/2-1/2

[Event "Wednesday Apr 18 Engine Tour 9 rd Swiss 12m+1s Starts at 1600hrs ST"]
[Site "Infinity Chess"]
[Date "2018.4.18"]
[Round "8"]
[White "angriff"]
[Black "RonWeasley"]
[Result "1/2-1/2"]
[ECO "C11"]
[WhiteElo "2374"]
[BlackElo "2460"]
[WhiteEngine "DracoREX 3.07 64BIT POPCNT_CTG"]
[BlackEngine "BrainFish 090218_CTG"]
[EventType "Swiss"]
[WhiteTeam ""]
[BlackTeam ""]
[PlyCount "43"]
[TimeControl "720+1"]

1. e4 e6 2. d4 d5 3. Nc3 Nf6 4. e5 Nfd7 5. f4 c5 6. Nf3 Nc6 7. Be3 cxd4 
8. Nxd4 Qb6 9. Qd2 Qxb2 10. Rb1 Qa3 11. Bb5 Nxd4 12. Bxd4 a6 13. Bxd7+ Bxd7 
14. Rb3 Qe7 15. Rxb7 Rc8 16. h3 Qh4+ 17. Bf2 Qd8 18. Bb6 Qe7 19. Bd4 Qh4+ 
20. Bf2 Qd8 21. Bb6 Qh4+ 22. Bf2 1/2-1/2

[Event "Wednesday Apr 18 Engine Tour 9 rd Swiss 12m+1s Starts at 1600hrs ST"]
[Site "Infinity Chess"]
[Date "2018.4.18"]
[Round "8"]
[White "Deep_Impact"]
[Black "ocirema"]
[Result "1/2-1/2"]
[ECO "C50"]
[WhiteElo "2403"]
[BlackElo "2439"]
[WhiteEngine "BrainFish_180411_x64_bmi2"]
[BlackEngine "asmFishW_2018-04-11_popcnt"]
[EventType "Swiss"]
[WhiteTeam ""]
[BlackTeam ""]
[PlyCount "126"]
[TimeControl "720+1"]

1. e4 e5 2. Nf3 Nc6 3. Bc4 Bc5 4. O-O Nf6 5. d3 d6 6. c3 O-O 7. Bg5 h6 8. Bh4 a6 
9. a4 g5 10. Bg3 Ba7 11. Nbd2 Nh7 12. h3 h5 13. Kh1 Kh8 14. b4 h4 15. Bh2 g4 
16. hxg4 Bxg4 17. b5 Na5 18. Ba2 Ng5 19. Qe1 h3 20. Nxg5 Qxg5 21. g3 Bh5 
22. f4 Qg4 23. fxe5 dxe5 24. Rf5 axb5 25. axb5 Kg7 26. d4 Rae8 27. Bg1 Bg6 
28. Rf3 h2 29. Bf2 f5 30. dxe5 Bxf2 31. Qxf2 fxe4 32. Rxf8 Rxf8 33. Qe3 b6 
34. e6 Nb7 35. Qd4+ Kh6 36. e7 Re8 37. Kxh2 Qe2+ 38. Kg1 Qg4 39. Kf2 Qh5 
40. Rf1 Qc5 41. Nb3 Qxd4+ 42. Nxd4 Rxe7 43. g4 Kg5 44. Ke3 Nc5 45. Bg8 Re8 
46. Bc4 Rh8 47. Nc6 Rh3+ 48. Kd4 e3 49. Ne5 Bc2 50. Nf3+ Kxg4 51. Kxe3 Rg3 
52. Kd2 Rxf3 53. Kxc2 Rxf1 54. Bxf1 Kf4 55. c4 Ke3 56. Kb2 Kd4 57. Be2 Ke3 
58. Bf1 Kd4 59. Be2 Nd3+ 60. Bxd3 Kxd3 61. Kb3 Kd4 62. Kb4 Kd3 63. c5 bxc5+ 
1/2-1/2

[Event "Wednesday Apr 18 Engine Tour 9 rd Swiss 12m+1s Starts at 1600hrs ST"]
[Site "Infinity Chess"]
[Date "2018.4.18"]
[Round "8"]
[White "Time_bandit"]
[Black "Seliga"]
[Result "1/2-1/2"]
[ECO "C77"]
[WhiteElo "2457"]
[BlackElo "2489"]
[WhiteEngine "asmFishW_2018-04-11_bmi2"]
[BlackEngine "SF9 ''A5''_CTG"]
[EventType "Swiss"]
[WhiteTeam ""]
[BlackTeam ""]
[PlyCount "146"]
[TimeControl "720+1"]

1. e4 e5 2. Nf3 Nc6 3. Bb5 a6 4. Ba4 Nf6 5. O-O Be7 6. Re1 b5 7. Bb3 O-O 
8. c3 d5 9. exd5 Nxd5 10. Nxe5 Nxe5 11. Rxe5 c6 12. d4 Bd6 13. Re1 Qh4 
14. g3 Qh3 15. Be3 Be6 16. Qf3 a5 17. Qg2 Qxg2+ 18. Kxg2 Rfe8 19. Bd1 a4 
20. Bf3 a3 21. b3 Bd7 22. Bd2 Rxe1 23. Bxe1 Bf5 24. Nd2 Nxc3 25. Nf1 Nd5 
26. Ne3 Be6 27. Rc1 Ne7 28. Nc2 f6 29. Nb4 Rc8 30. h4 g6 31. h5 Kf7 32. Bd2 Bd7 
33. Kf1 g5 34. Ke2 Nf5 35. Nc2 Be6 36. Bg2 Re8 37. Kf1 Bd7 38. Bf3 Kg7 
39. Re1 Rd8 40. Be4 Ne7 41. Ba5 Rc8 42. Bb4 Bxb4 43. Nxb4 Rd8 44. Bd3 Re8 
45. f3 f5 46. Re5 Nd5 47. Rxe8 Bxe8 48. Nxd5 cxd5 49. b4 Bxh5 50. Kf2 Be8 
51. Bxf5 h5 52. Bd3 Bg6 53. Bxg6 Kxg6 54. Kg2 Kf7 55. Kf1 Ke6 56. Ke1 Kd7 
57. Kf1 Kc7 58. Kg2 Kc6 59. Kh3 Kd6 60. Kh2 g4 61. fxg4 hxg4 62. Kg1 Ke7 
63. Kf2 Ke6 64. Ke3 Kf5 65. Kd3 Kf6 66. Ke3 Kf5 67. Kd3 Kg6 68. Kc3 Kf6 
69. Kc2 Kg6 70. Kd3 Kf5 71. Ke3 Kg5 72. Kf2 Kf6 73. Ke3 Kf5 1/2-1/2

[Event "Wednesday Apr 18 Engine Tour 9 rd Swiss 12m+1s Starts at 1600hrs ST"]
[Site "Infinity Chess"]
[Date "2018.4.18"]
[Round "8"]
[White "Marsell"]
[Black "ivrdurant"]
[Result "1/2-1/2"]
[ECO "C55"]
[WhiteElo "2470"]
[BlackElo "2391"]
[WhiteEngine "BrainFish_180408_x64_bmi2"]
[BlackEngine "Raubfisch X38b"]
[EventType "Swiss"]
[WhiteTeam ""]
[BlackTeam ""]
[PlyCount "101"]
[TimeControl "720+1"]

1. e4 e5 2. Nf3 Nc6 3. Bc4 Nf6 4. d3 Bc5 5. c3 d6 6. O-O a5 7. Bg5 Ba7 
8. Nbd2 Bd7 9. Bh4 h6 10. a4 Qe7 11. Bg3 Nh5 12. Kh1 O-O 13. h3 Nxg3+ 
14. fxg3 Be3 15. Kh2 Bxd2 16. Nxd2 Nd8 17. Qe2 Ne6 18. b3 c6 19. Nf3 Nc7 
20. d4 exd4 21. Nxd4 d5 22. Bd3 Rae8 23. Rae1 Qc5 24. Qd2 dxe4 25. Bxe4 Qd6 
26. Qf2 Qc5 27. Bf5 Bxf5 28. Qxf5 Qxf5 29. Nxf5 Rxe1 30. Rxe1 Ne6 31. Re5 b6 
32. Ne7+ Kh7 33. Nxc6 Rc8 34. Nd4 Rxc3 35. Nxe6 fxe6 36. Rb5 Rc6 37. g4 Kg6 
38. Kg3 Kf6 39. Kf3 Rc3+ 40. Ke2 Rc2+ 41. Kf1 Rc6 42. Ke2 Rc2+ 43. Kf1 Rc6 
44. h4 g5 45. hxg5+ hxg5 46. Ke2 Rc2+ 47. Kf1 Rc1+ 48. Kf2 Rc2+ 49. Kf1 Rc1+ 
50. Ke2 Rc2+ 51. Kf1 1/2-1/2